 Dungeon Crawl Stone Soup version 0.29-a0-732-g3d7fbe0af2 (webtiles) character file.

Game seed: 11952996927499049026

17713 Zeld the Severer (level 12, -8/147 (165) HPs)
             Began as a Minotaur Berserker on June 30, 2022.
             Was a High Priest of Trog.
             Killed by drain life
             ... invoked by a soul eater
              (18 damage)
             ... on level 10 of the Dungeon.
             The game lasted 00:12:47 (11298 turns).

Zeld the Severer (Minotaur Berserker)              Turns: 11298, Time: 00:12:47

HP:   -8/147 (165)  AC: 22    Str: 32    XL:     12   Next: 21%
MP:   11/11         EV: 12    Int:  6    God:    Trog [*****.]
Gold: 479           SH:  0    Dex: 11    Spells: 11/11 levels left

rFire   . . .      SeeInvis .   y - +9 flail "Beetleslayer" {protect, Int+2}
rCold   . . .      Faith    .   (no shield)
rNeg    . . .      Spirit   .   b - +0 plate armour
rPois   +          Reflect  .   (helmet restricted)
rElec   .          Harm     .   (no cloak)
rCorr   .          Rampage  .   (no gloves)
Will    +....                   (no boots)
Stlth   ..........              e - amulet of the acrobat
HPRegen 0.34/turn               z - ring of poison resistance
MPRegen 0.12/turn               x - ring "Vuhois" {Will+ Str+6}

@: berserking, under a protective aura, studying 2 skills, heavily drained, very
quick
A: horns 2, retaliatory headbutt
a: Renounce Religion, Berserk, Trog's Hand, Brothers in Arms


You were on level 10 of the Dungeon.
You worshipped Trog.
Trog was extremely pleased with you.
You visited 2 branches of the dungeon, and saw 11 of its levels.
You also visited: Bailey.

You collected 1646 gold pieces.
You spent 1167 gold pieces at shops.

Inventory:

Hand Weapons
 a - a +1 broad axe of protection
 y - the +9 flail "Beetleslayer" (weapon) {protect, Int+2}
   (You bought it in a shop on level 2 of the Dungeon)

   It grants its wielder temporary protection when it strikes (+7 to AC).
   Int:       It affects your intelligence (+2).
 A - a +0 broad axe
Missiles
 f - 16 poisoned darts
 j - a curare-tipped dart
 u - 6 javelins
 F - 5 atropa-tipped darts
 G - 3 boomerangs
Armour
 b - a +0 plate armour (worn)
 p - an orb of light
Jewellery
 e - an amulet of the acrobat (around neck)
 x - the ring "Vuhois" (right hand) {Will+ Str+6}
   (You bought it in a shop on level 9 of the Dungeon)

   [ring of willpower]

   Str:       It affects your strength (+6).
   Will:      It increases your willpower.
 z - a ring of poison resistance (left hand)
 H - a ring of protection from fire
Wands
 t - a wand of acid (12)
 w - a wand of flame (34)
 C - a wand of mindburst (11)
 I - a wand of iceblast (3)
 L - a wand of charming (5)
Scrolls
 c - a scroll of silence
 g - 2 scrolls of fear
 i - a scroll of identify
 o - 6 scrolls of teleportation
 r - 2 scrolls of poison
 s - 5 scrolls of enchant armour
Potions
 d - 4 potions of flight
 h - 3 potions of resistance
 k - 6 potions of heal wounds
 l - 3 potions of ambrosia {unknown}
 m - 4 potions of haste {unknown}
 n - a potion of invisibility {unknown}
 q - 3 potions of curing {unknown}
 v - 3 potions of mutation {unknown}
 B - 2 potions of brilliance {unknown}
 E - a potion of might {unknown}
 J - a potion of magic {unknown}
 K - 2 potions of attraction {unknown}


   Skills:
 + Level 11.2 Fighting
 * Level 15.1 Axes
 + Level 12.7 Armour
 + Level 10.0 Dodging


You had 11 spell levels left.
You didn't know any spells.
Your spell library was empty.

Dungeon Overview and Level Annotations

Branches:
Dungeon (10/15)            Temple (1/1) D:4            Lair (0/6) D:9
    Orc (0/2) D:10         Bailey (visited)

Altars:
Ashenzari
Cheibriados
Dithmenos
Elyvilon
Fedhas
Gozag
Hepliaklqana
Kikubaaqudgha
Makhleb
Nemelex Xobeh
Okawaru
Qazlal
Ru
Sif Muna
Trog
Uskayaw
Vehumet
Wu Jian
Xom
Yredelemnul
Zin
The Shining One

Shops:
D:2 (   D:8 ?   D:9 =

Annotations:
D:8 6 transporters, valliere's ghost, novice HOFi


Innate Abilities, Weirdness & Mutations

You have a pair of horns on your head.
You reflexively headbutt those who attack you in melee.


Message History

You headbutt the soul eater, but do no damage.
The soul eater is almost dead.
The soul eater hits you but does no damage.
You hit the soul eater but do no damage.
The soul eater is almost dead.
The soul eater draws from the surrounding life force!
The soul eater is healed.
You hit the soul eater. Your headbutt misses the soul eater.
The soul eater is heavily wounded.
The soul eater draws from the surrounding life force!
The soul eater is healed.
You hit the soul eater but do no damage.
The soul eater is moderately wounded.
The soul eater hits you!
* * * LOW HITPOINT WARNING * * *
You feel drained.
* * * LOW HITPOINT WARNING * * *
You hit the soul eater.
The soul eater is moderately wounded.
The soul eater barely misses you. You furiously retaliate!
You headbutt the soul eater, but do no damage.
Unknown command.
Okay, then.
A red film seems to cover your vision as you go berserk!
You feel yourself moving faster!
You feel mighty!
The soul eater draws from the surrounding life force!
* * * LOW HITPOINT WARNING * * *
The soul eater is healed.
You sock the soul eater! You headbutt the soul eater!!
The soul eater is severely wounded.
You sock the soul eater!
The soul eater is severely wounded.
The soul eater hits you!
* * * LOW HITPOINT WARNING * * *
You feel drained.
* * * LOW HITPOINT WARNING * * *
You barely miss the soul eater.
The soul eater is severely wounded.
The soul eater draws from the surrounding life force!
You die...

#<..'............................
#...###########.#.#.#............
........... ....................
.....#####. ###.#.#.########.....
.<.### #..............#..... ...#
#.#.#.#.#......#..... ...##
#.....######...#..... ....#
#.....#....#...#..... ....#
#...@.#....#...#..... ....#
#...3.#....#...#..... ....#
#.....#....#...#...§♣ ....#
♣.♣...#....#...#...§§ ....#
.......#....#...#...)♣ ....#
#.......#....'...#..♣.. ....#
#♣♣♣P...#....#...#....#
....#######.#.....#....#...#....#
............# ...######...#....'


You could see a soul eater.

Vanquished Creatures
  3 two-headed ogres
  2 orc knights
  Joseph (D:9)
  An ice devil (D:10)
  2 red devils (D:10)
  Grinder (D:4)
  2 trolls (D:10)
  Sigmund (D:2)
  A wyvern (D:7)
  3 steam dragons
  3 vampire mosquitoes (D:9)
  A neqoxec (D:10)
  A water moccasin (D:6)
  Menkaure (D:7)
  2 ice beasts
  4 ogres
  2 black bears
  12 orc warriors
  2 centaurs
  3 phantoms
  2 kobold brigands
  Blork the orc (D:4)
  2 necrophages (D:6)
  A gnoll sergeant (D:5)
  3 bullfrogs
  3 scorpions
  5 wights
  6 killer bees (D:10)
  4 howler monkeys
  5 quasits (D:10)
  2 gnoll shamans
  3 jellies
  8 orc priests
  5 hounds
  Ijyb (D:3)
  5 iguanas
  2 orc wizards (D:8)
  12 adders
  10 gnolls
  3 shadow imps
  5 white imps
  2 ufetubi (D:6)
  3 dart slugs (D:1)
  31 orcs
  8 ball pythons
  4 bats
  A bat zombie (D:5)
  7 endoplasms
  4 giant cockroaches
  8 goblins
  7 hobgoblins
  3 jackals (D:1)
  3 quokkas
  4 frilled lizards (D:2)
  19 kobolds
  5 rats
  A rat zombie (D:5)
246 creatures vanquished.

Vanquished Creatures (others)
  2 demonic plants (D:10)
  6 fungi
  2 plants (D:9)
10 creatures vanquished.

Grand Total: 256 creatures vanquished

Notes
Turn   | Place    | Note
-------+----------+-------------------------------------------
     0 | D:1      | Zeld the Minotaur Berserker began the quest for the Orb.
     0 | D:1      | Reached XP level 1. HP: 19/19 MP: 0/0
   164 | D:1      | Reached XP level 2. HP: 27/27 MP: 1/1
   167 | D:1      | Reached skill level 4 in Axes
   682 | D:1      | Reached XP level 3. HP: 33/33 MP: 2/2
  1133 | D:2      | Reached ** piety under Trog
  1273 | D:2      | Noticed Sigmund
  1283 | D:2      | Killed Sigmund
  1284 | D:2      | Reached skill level 5 in Axes
  1284 | D:2      | Reached XP level 4. HP: 33/41 MP: 3/3
  1284 | D:2      | Reached XP level 5. HP: 38/47 MP: 4/4
  1426 | D:2      | Found Zedgho's Antique Weapon Shop.
  2117 | D:3      | Found an iron altar of Okawaru.
  2117 | D:3      | Found a basalt altar of Yredelemnul.
  2476 | D:3      | Reached XP level 6. HP: 53/53 MP: 5/5
  2655 | D:3      | Noticed Ijyb
  2660 | D:3      | Killed Ijyb
  2661 | D:3      | Reached skill level 6 in Axes
  2813 | D:4      | Found a staircase to the Ecumenical Temple.
  2836 | Temple   | Entered the Ecumenical Temple
  3167 | D:2      | Bought a crude flail for 153 gold pieces
  3167 | D:2      | Identified the +9 flail "Beetleslayer" {protect, Int+2}
                  | (You bought it in a shop on level 2 of the Dungeon)
  3360 | D:4      | Reached skill level 5 in Fighting
  3387 | D:4      | Noticed Blork the orc
  3396 | D:4      | Killed Blork the orc
  3787 | D:4      | Noticed Grinder
  3792 | D:4      | Killed Grinder
  3793 | D:4      | Reached skill level 7 in Axes
  3793 | D:4      | Reached XP level 7. HP: 51/61 MP: 6/6
  4018 | D:5      | Entered Level 5 of the Dungeon
  4155 | D:5      | Reached skill level 5 in Armour
  4327 | D:5      | Found an ancient bone altar of Kikubaaqudgha.
  4394 | D:5      | Reached *** piety under Trog
  4416 | D:5      | Reached XP level 8. HP: 47/70 MP: 7/7
  4419 | D:5      | Reached skill level 8 in Axes
  4422 | D:5      | Reached skill level 5 in Dodging
  5094 | D:6      | Reached skill level 9 in Axes
  5510 | D:6      | Reached XP level 9. HP: 79/79 MP: 8/8
  5886 | D:6      | Reached skill level 10 in Axes
  6175 | D:7      | Reached **** piety under Trog
  6242 | D:7      | Noticed Menkaure
  6246 | D:7      | Killed Menkaure
  6329 | D:7      | Found a bloodstained altar of Trog.
  6707 | D:7      | Found a hazy altar of Hepliaklqana.
  6725 | D:7      | Reached skill level 11 in Axes
  7087 | D:8      | Found Zenopn Pieva's Magic Scroll Shop.
  7092 | D:8      | Bought a scroll of teleportation for 39 gold pieces
  7092 | D:8      | Bought a scroll of teleportation for 39 gold pieces
  7092 | D:8      | Bought a scroll of identify for 26 gold pieces
  7092 | D:8      | Bought a scroll of poison for 45 gold pieces
  7092 | D:8      | Bought a scroll of identify for 26 gold pieces
  7093 | D:8      | Identified a scroll of acquirement
  7100 | D:8      | Acquired 1099 gold pieces
  7107 | D:8      | Bought a scroll of brand weapon for 260 gold pieces
  7140 | D:8      | Noticed a cyclops
  7151 | D:8      | Found a transporter.
  7163 | D:8      | Found a transporter.
  7166 | D:8      | Noticed valliere's ghost (novice HOFi)
  7631 | D:8      | Found a transporter.
  7633 | D:8      | Found a transporter.
  7637 | D:8      | Found a transporter.
  7708 | D:8      | Found a transporter.
  7931 | D:8      | Reached XP level 10. HP: 90/90 MP: 9/9
  7981 | D:9      | Found Odeozede's Jewellery Shop.
  7986 | D:9      | Bought the ring "Vuhois" {Will+ Str+6} for 579 gold pieces
  8004 | D:9      | Found a flagged portal.
  8022 | Bailey   | Entered a bailey
  8230 | Bailey   | Reached ***** piety under Trog
  8613 | Bailey   | Noticed an orc knight
  8624 | Bailey   | Killed an orc knight
  8625 | Bailey   | Reached skill level 12 in Axes
  8765 | D:9      | Found a broken altar of Ashenzari.
  8806 | D:9      | Noticed a two-headed ogre
  9044 | D:9      | Found a staircase to the Lair.
  9087 | D:9      | HP: 4/135 [two-headed ogre/+0 giant spiked club (25)]
  9088 | D:9      | Killed a two-headed ogre
  9234 | D:9      | Noticed Joseph
  9239 | D:9      | Found a sparkling altar of Nemelex Xobeh.
  9239 | D:9      | Found an opulent altar of Gozag.
  9552 | D:9      | Killed Joseph
  9594 | D:9      | Found a snail-covered altar of Cheibriados.
  9699 | D:9      | Found an opulent altar of Gozag.
  9699 | D:9      | Noticed a two-headed ogre
  9707 | D:9      | Killed a two-headed ogre
  9708 | D:9      | Reached skill level 13 in Axes
  9708 | D:9      | Reached skill level 10 in Armour
  9973 | D:9      | Reached skill level 10 in Fighting
  9973 | D:9      | Reached skill level 14 in Axes
  9973 | D:9      | Reached XP level 11. HP: 101/101 MP: 10/10
  9987 | D:10     | Entered Level 10 of the Dungeon
 10168 | D:10     | Identified the +3 ring mail "Daini" {Int+3}
 10222 | D:10     | Received a gift from Trog
 10302 | D:10     | Reached XP level 12. HP: 86/108 MP: 11/11
 10525 | D:10     | Noticed a two-headed ogre
 10531 | D:10     | Killed a two-headed ogre
 10614 | D:10     | Reached skill level 15 in Axes
 10624 | D:10     | Reached skill level 10 in Dodging
 11097 | D:10     | Found a staircase to the Orcish Mines.
 11298 | D:10     | Killed from afar by a soul eater

Illustrated notes

Levels and vault maps discovered:
D:1:      enne_arrival_octagon_isle, layout_basic
D:2:      minmay_skewed_foursquare, layout_loops_ring, serial_shops,
          shop_fountains, chequers_mini_garden, uniq_sigmund
D:3:      layout_loops_ring, chequers_temple_overflow_statue_of_worship,
          minmay_tree_intersection, uniq_ijyb
D:4:      layout_basic, minmay_temple_entry_waves, uniq_grinder,
          uniq_blork_the_orc
D:5:      layout_cave_pools, lemuel_zombie_altar_kikubaaqudgha
D:6:      minmay_chambers_of_threes, layout_rooms
D:7:      kennysheep_steamy, layout_cave_pools,
          mainiacjoe_overflow_surrounded_room, mainiacjoe_overflow_boulevard,
          uniq_menkaure
D:8:      layout_gridville, serial_shops, shop_fountains, nzn_ghost_randoct,
          nicolae_sextant, nicolae_transporter_circle
D:9:      layout_rooms, mainiacjoe_overflow_catwalk,
          mainiacjoe_overflow_brackets, grunt_temple_overflow_opulence,
          dpeg_oklobed_lair, serial_shops, shop, enter_bailey_5,
          kennysheep_small_circle, uniq_joseph
D:10:     layout_irregular_city, orc_david_3, serial_demonic, serial_demonic_c,
          serial_demonic_b, serial_demonic_e, serial_demonic_c,
          serial_demonic_e, serial_demonic_e, st_stairs_12
Temple:   dshaligram_water_room_temple

Skill      XL: |  1  2  3  4  5  6  7  8  9 10 11 12 |
---------------+-------------------------------------+-----
Axes           | 4 5 7 9 11 14 15 | 15.1
Fighting       | 4 5 6 7 8 10 11 | 11.2
Armour         | 3 4 5 6 8 11 12 | 12.7
Dodging        | 3 4 6 7 9 10 | 10.0

Action                   |  1- 3 |  4- 6 |  7- 9 | 10-12 || total
-------------------------+-------+-------+-------+-------++-------
Melee: Hand axe          |    77 |    66 |       |       ||   143
       Headbutt          |     9 |    11 |    37 |    43 ||   100
       Flail             |       |    18 |   206 |   205 ||   429
       Punch             |       |     1 |     2 |     3 ||     6
Invok: Berserk           |     2 |       |     1 |     6 ||     9
  Use: Scroll            |       |       |    17 |     7 ||    24
       Potion            |       |       |       |     1 ||     1
Armor: Animal skin       |     9 |    16 |       |       ||    25
       Plate armour      |       |       |   148 |   117 ||   265
Dodge: Dodged            |    55 |    48 |   136 |   175 ||   414

Table legend: (Time is in decaauts)
 A = Elapsed time spent in this place.
 B = Non-inter-level travel time spent in this place.
 C = Inter-level travel time spent in this place.
 D = Time resting spent in this place.
 E = Time spent auto-exploring this place.
 F = Levels seen in this place.
 G = Mean time per level.
                   A        B        C        D        E       F      G
               +--------+--------+--------+--------+--------+-----+--------+
         Total |  11400 |  10763 |    637 |   1926 |   7173 |  12 |  950.0 |
       Dungeon |  10532 |   9917 |    615 |   1768 |   6671 |  10 | 1053.2 |
        Temple |    135 |    113 |     22 |      0 |    100 |   1 |  135.0 |
        Bailey |    733 |    733 |      0 |    158 |    401 |   1 |  733.0 |
               +--------+--------+--------+--------+--------+-----+--------+

Top non-repeatable levels by time:
     D:6: 1270 daAuts
     D:9: 1257 daAuts
    D:10: 1167 daAuts
     D:8: 1110 daAuts
     D:1: 1107 daAuts
     D:2: 1064 daAuts
     D:5: 1046 daAuts
     D:4: 1029 daAuts
     D:3: 815 daAuts
  Bailey: 733 daAuts
     D:7: 664 daAuts
  Temple: 135 daAuts
